 Dungeon Crawl Stone Soup version 0.31-a0-559-g03b8d61ab2 (webtiles) character file.

Game seed: 2607214550476178176

92 AdnanSaban the Shield-Bearer (level 4, -4/29 HPs)
             Began as a Gargoyle Fighter on Aug 17, 2023.
             Killed by nerve-wracking pain
             ... invoked by Grinder
              (5 damage)
             ... on level 3 of the Dungeon.
             The game lasted 00:01:39 (1910 turns).

AdnanSaban the Shield-Bearer (Gargoyle Fighter)     Turns: 1910, Time: 00:01:40

Health: -4/29      AC: 11    Str: 21    XL:     4   Next: 60%
Magic:  4/4        EV:  9    Int:  9    God:
Gold:   126        SH:  4    Dex:  9    Spells: 3/3 levels left

rFire   . . .        a - +0 flail
rCold   . . .        c - +0 buckler
rNeg    + . .        b - +0 scale mail
rPois   ∞            (no helmet)
rElec   +            (no cloak)
rCorr   .            o - +0 pair of gloves
SInv    .            (no boots)
Will    .....        (no amulet) Stlth
                     (no ring)
HPRegen 0.24/turn    (no ring)
MPRegen 0.09/turn

%: no passive effects
@: no status effects
A: sickness immunity, AC +3, negative energy resistance 1, electricity
resistance, torment resistance 1, petrification resistance
a: no special abilities


You were on level 3 of the Dungeon.
You visited 1 branch of the dungeon, and saw 3 of its levels.

You collected 126 gold pieces.

Inventory:

Hand Weapons
 a - a +0 flail (weapon)
Missiles
 k - 4 poisoned darts (quivered)
Armour
 b - a +0 scale mail (worn)
 c - a +0 buckler (worn)
 o - a +0 pair of gloves (worn)
Scrolls
 h - 2 scrolls of enchant armour {unknown}
 i - a scroll of noise {unknown}
 j - a scroll of enchant weapon {unknown}
 l - 2 scrolls of fog {unknown}
 n - 2 scrolls of revelation {unknown}
 p - a scroll of identify {unknown}
Potions
 d - a potion of might
 e - a potion of enlightenment {unknown}
 f - 3 potions of heal wounds {unknown}
 g - a potion of attraction {unknown}
 m - 2 potions of brilliance {unknown}


   Skills:
 + Level 3.6 Fighting
 + Level 2.5 Maces & Flails
 + Level 4.0 Armour
 + Level 0.2 Dodging
 + Level 0.8 Stealth
 + Level 4.3 Shields


You had 3 spell levels left.
You didn't know any spells.
Your spell library was empty.

Dungeon Overview and Level Annotations

Branches:
Dungeon (3/15)

Altars:

Shops:
D:1 *

Annotations:
D:3 Grinder


Innate Abilities, Weirdness & Mutations

You are immune to sickness and miasma.
Your stone body is resilient. (AC +3)
You are immune to poison.
You resist negative energy. (rN+)
You are resistant to electric shocks. (rElec)
You are resistant to unholy torment.
You are immune to petrification.


Message History

You open the door.
There is an open door here.
There is an open door here.
Found a stone staircase leading down.
Grinder comes into view.
Grinder shouts!
Grinder moves out of view.
No target in view!
Grinder is nearby!
Grinder is nearby!
Grinder is nearby!
You throw a poisoned dart.
The poisoned dart barely misses Grinder.
You closely miss Grinder. Grinder hits you.
You writhe in agony.
You completely miss Grinder. Grinder barely misses you.
You hit Grinder.
Grinder is lightly wounded.
Grinder gestures at you. Pain shoots through your body!
Grinder closely misses you.
You sock Grinder!
Grinder is moderately wounded.
Grinder hits you.
You writhe in agony.
An orc comes into view. It is wielding a +0 trident.
You closely miss Grinder.
Grinder is moderately wounded.
The orc shouts!
You hear a shout! x4
Grinder gestures at you. Pain shoots through your body!
An orc comes into view. It is wielding a +0 whip.
You are too injured to fight recklessly!
You are too injured to fight recklessly!
You are too injured to fight recklessly!
Unknown command.
Grinder attacks as you move away! Grinder hits you!
* * * LOW HITPOINT WARNING * * *
You writhe in agony.
* * * LOW HITPOINT WARNING * * *
Grinder gestures at you. Pain shoots through your body!
You die...

... #..#.........
#.####........†...
#.................
###8.#.##.........
+..#.##.........
###8.#.##.........
#....#.##.........
#.#####.####.##.........
#......@####.##.........
......$..............>
######.#5...... #.
o...... #+ .......
.(##... o.# ### ..# ..#


You could see Grinder and 2 orcs.

Vanquished Creatures
  Natasha (D:2)
  3 adders (D:2)
  A worm (D:3)
  A dart slug (D:1)
  2 endoplasms (D:2)
  3 giant cockroaches
  8 hobgoblins
  A quokka (D:1)
  3 ball pythons
  2 bats (D:1)
  2 frilled lizards (D:1)
  2 goblins (D:1)
  3 kobolds (D:1)
  4 rats
36 creatures vanquished.

Notes
Turn   | Place    | Note
-------+----------+-------------------------------------------
     0 | D:1      | AdnanSaban the Gargoyle Fighter began the quest for the
                  | Orb.
     0 | D:1      | Reached XP level 1. HP: 14/14 MP: 1/1
   131 | D:1      | Reached XP level 2. HP: 13/19 MP: 2/2
   354 | D:1      | Found Guce's General Store.
   588 | D:1      | Reached XP level 3. HP: 23/23 MP: 3/3
   993 | D:2      | Noticed Natasha
  1009 | D:2      | Killed Natasha
  1010 | D:2      | Reached XP level 4. HP: 27/28 MP: 4/4
  1633 | D:2      | Identified the +5 short sword of Jaroryreca {protect, Int+3
                  | Dex+5 Stlth-}
  1901 | D:3      | Noticed Grinder
  1910 | D:3      | HP: 1/29 [Grinder (2)]
  1910 | D:3      | Killed from afar by Grinder

Illustrated notes

Levels and vault maps discovered:
D:1:      zelgadis_glass_arrival_small, layout_loops_ring, serial_shops, shop,
          hangedman_glass_teeth, kennysheep_pointless_box,
          minmay_misc_feat_tiny, minmay_tiny_reverse_x
D:2:      layout_basic, uniq_natasha
D:3:      layout_basic, dreamdust_ecumenical_altar_angels_and_demons,
          dreamdust_princess_bridge, minmay_distorted, uniq_grinder,
          uniq_terence, uniq_ijyb

Skill      XL: |  1  2  3  4 |
---------------+-------------+-----
Shields        | 4 |  4.3
Armour         | 4 |  4.0
Fighting       | |  3.6
Maces & Flails | |  2.5
Dodging        | |  0.2
Stealth        | |  0.8

Action                     |  1- 3 |  4- 6 || total
---------------------------+-------+-------++-------
  Melee: Flail             |    65 |    43 ||   108
  Throw: Dart              |       |     1 ||     1
 Armour: Scale mail        |    32 |    19 ||    51
  Dodge: Dodged            |    31 |    16 ||    47
  Block: Buckler           |    11 |     4 ||    15

Table legend: (Time is in decaauts)
 A = Elapsed time spent in this place.
 B = Non-inter-level travel time spent in this place.
 C = Inter-level travel time spent in this place.
 D = Time resting spent in this place.
 E = Time spent auto-exploring this place.
 F = Levels seen in this place.
 G = Mean time per level.
                   A        B        C        D        E       F      G
               +--------+--------+--------+--------+--------+-----+--------+
         Total |   1950 |   1809 |    141 |      0 |   1529 |   3 |  650.0 |
       Dungeon |   1950 |   1809 |    141 |      0 |   1529 |   3 |  650.0 |
               +--------+--------+--------+--------+--------+-----+--------+

Top non-repeatable levels by time:
     D:2: 981 daAuts
     D:1: 898 daAuts
     D:3: 69 daAuts
